 Dungeon Crawl Stone Soup version 0.31-a0-182-gc5ef74bbde (webtiles) character file.

Game seed: 15143219078073385371

369 qw the Chopper (level 6, -1/38 HPs)
             Began as a Gargoyle Fighter on June 20, 2023.
             Slain by Sigmund
             ... wielding a +1 scythe of venom
              (8 damage)
             ... on level 4 of the Dungeon.
             The game lasted 00:01:37 (2888 turns).

qw the Chopper (Gargoyle Fighter)                   Turns: 2888, Time: 00:01:38

Health: -1/38      AC: 11    Str: 22    XL:     6   Next: 70%
Magic:  6/6        EV:  9    Int:  8    God:
Gold:   184        SH:  4    Dex:  9    Spells: 5/5 levels left

rFire   . . .        Y - +0 war axe
rCold   . . .        c - +0 buckler
rNeg    + . .        b - +0 scale mail
rPois   inf          (no helmet)
rElec   +            (no cloak)
rCorr   .            (no gloves)
SInv    .            (no boots)
Will    .....        (no amulet) Stlth
                     (no ring)
HPRegen 0.26/turn    (no ring)
MPRegen 0.10/turn

%: no passive effects
@: brilliant
A: sickness immunity, AC +4, negative energy resistance 1, electricity
resistance, torment resistance 1, petrification resistance
a: no special abilities


You were on level 4 of the Dungeon.
You visited 1 branch of the dungeon, and saw 4 of its levels.

You collected 184 gold pieces.


Innate Abilities, Weirdness & Mutations

You are immune to sickness and miasma.
Your stone body is resilient. (AC +4)
You are immune to poison.
You resist negative energy. (rN+)
You are resistant to electric shocks. (rElec)
You are resistant to unholy torment.
You are immune to petrification.


   Skills:
 - Level 4.2 Fighting
 + Level 5.7 Axes
 - Level 3.2 Armour
 - Level 1.0 Dodging
 - Level 3.2 Shields


You had 5 spell levels left.
You didn't know any spells.
Your spell library was empty.

Inventory:

Hand Weapons
 e - a +0 flail
 Y - a +0 war axe (weapon)
Armour
 b - a +0 scale mail (worn)
 c - a +0 buckler (worn)
Jewellery
 a - a ring of ice
Scrolls
 f - a scroll of identify
Potions
 d - a potion of might
 g - a potion of haste
 h - a potion of cancellation {unknown}
 i - 2 potions of magic
 j - 3 potions of heal wounds
 k - a potion of mutation {unknown}

Dungeon Overview and Level Annotations

Branches:
Dungeon (4/15)             Temple (0/1) D:4

Altars:
Trog
Uskayaw
Zin

Annotations:
D:3 1 runed translucent door, qw's ghost, amateur NaHu
D:4 Sigmund


Message History

You hit the orc.
The orc is heavily wounded.
Sigmund appears from thin air!
Reactivating autopickup.
The orc hits you but does no damage. Sigmund hits you but does no damage.
You closely miss the orc.
The orc is heavily wounded.
The orc closely misses you.
Sigmund gestures wildly while chanting.
Sigmund flickers and vanishes!
Deactivating autopickup; reactivate with Ctrl-A.
You block the orc's attack.
You slash the orc!
You kill the orc!
Something hits you but does no damage.
You swing at nothing.
Something hits you!
You swing at nothing.
Something hits you.
You swing at nothing.
A magic dart appears from out of thin air!
The magic dart hits you.
You swing at nothing.
Something hits you but does no damage.
You swing at nothing.
You swing at nothing.
Something hits you but does no damage.
You swing at nothing.
Something hits you but does no damage.
You swing at nothing.
You hear some strange, mumbled words.
A puff of flame appears from out of thin air!
The puff of flame misses you.
You swing at nothing.
Something hits you.
You swing at nothing.
You block something's attack.
You swing at nothing.
Something hits you!
You die...

#.#..## ##o### # ##.
#.# ## #.# ######.##
#...#...## #
#........#
#.###...#{..##
#........).##
#.......@..#########
##...........%.....#
####...##.#####.#.#
#...##.# #.#.#
#...##.#####>#.#
########
######.........#
#......######
#.####.####
#......#8.._#
#.####.#######
#####..#....#
#.##.........#


There were no monsters in sight!

Vanquished Creatures
  A scorpion (D:4)
  A hound (D:4)
  An orc priest (D:4)
  Natasha (D:4)
  An orc wizard (D:3)
  7 gnolls
  3 adders
  A worm (D:3)
  2 dart slugs
  7 orcs
  10 ball pythons
  5 endoplasms
  A giant cockroach (D:2)
  11 goblins
  9 hobgoblins
  6 jackals (D:2)
  4 quokkas
  9 bats
  3 frilled lizards
  5 kobolds
  4 rats
92 creatures vanquished.

Notes
Turn   | Place    | Note
-------+----------+-------------------------------------------
     0 | D:1      | qw the Gargoyle Fighter began the quest for the Orb.
     0 | D:1      | Reached XP level 1. HP: 14/14 MP: 1/1
     0 | D:1      | 0 ||| qw: Version: 0.3-a-9-g12657ce
     0 | D:1      | 0 ||| qw: Game counter: 1375
     0 | D:1      | 0 ||| qw: Always use a shield: true
     0 | D:1      | 0 ||| qw: God list: Okawaru
     0 | D:1      | 0 ||| qw: Allow faded altars: false
     0 | D:1      | 0 ||| qw: Do Orc after D:15 true
     0 | D:1      | 0 ||| qw: Do second Lair branch before Depths: true
     0 | D:1      | 0 ||| qw: Lair rune preference: random
     0 | D:1      | 0 ||| qw: Plans: Normal, Zot:1-4, Slime:5, God:TSO, Crypt,
                  | Tomb, Abyss, Pan, Hells, Win
     0 | D:1      | 0 ||| PLANNING D:1-11
    51 | D:1      | Reached skill level 2 in Axes
   167 | D:1      | Reached XP level 2. HP: 19/19 MP: 2/2
   229 | D:1      | 229 ||| DROPPING +0 club.
   443 | D:1      | 443 ||| Stepping ~*~*~tactically~*~*~ (hiding).
   457 | D:1      | Reached skill level 3 in Axes
   457 | D:1      | 457 ||| Stepping ~*~*~tactically~*~*~ (stealth).
   691 | D:1      | 691 ||| READING scroll labelled ONUERH NUAXE.
   692 | D:1      | 692 ||| READING scroll labelled LOOQOXT FUPLE.
   693 | D:1      | 693 ||| READING scroll labelled COSI XOEGAEQ NECH.
   694 | D:1      | 694 ||| READING scroll labelled WAABLE QOSOAN.
   695 | D:1      | 695 ||| DRINKING 2 fizzy pink potions.
   701 | D:1      | 701 ||| DRINKING 2 inky potions.
   702 | D:1      | 702 ||| DROPPING potion of ambrosia.
   720 | D:2      | Reached XP level 3. HP: 23/23 MP: 3/3
   912 | D:2      | 912 ||| Stepping ~*~*~tactically~*~*~ (stealth).
   913 | D:2      | 913 ||| Stepping ~*~*~tactically~*~*~ (stealth).
   935 | D:2      | Reached XP level 4. HP: 23/28 MP: 4/4
   939 | D:2      | HP: 3/28 [gnoll/+0 flail (8)]
   940 | D:2      | 940 ||| DRINKING 2 potions of heal wounds.
   942 | D:2      | Reached skill level 4 in Axes
   992 | D:2      | 992 ||| DROPPING +0 mace.
  1385 | D:2      | Found a faded altar of an unknown god.
  1437 | D:2      | 1437 ||| READING scroll labelled MIGGYSTR QILA.
  1441 | D:2      | 1441 ||| READING scroll labelled WIVUJA JYRI.
  1460 | D:2      | 1460 ||| READING 3 scrolls of identify.
  1460 | D:2      | 1460 ||| IDENTIFYING green potion
  1461 | D:2      | 1461 ||| READING 2 scrolls of identify.
  1461 | D:2      | 1461 ||| IDENTIFYING dark potion
  1515 | D:3      | Reached XP level 5. HP: 32/32 MP: 5/5
  1534 | D:3      | 1534 ||| Stepping ~*~*~tactically~*~*~ (hiding).
  1660 | D:3      | 1660 ||| Stepping ~*~*~tactically~*~*~ (stealth).
  1679 | D:3      | 1679 ||| Stepping ~*~*~tactically~*~*~ (stealth).
  1745 | D:3      | Noticed qw's ghost (amateur NaHu)
  1748 | D:3      | Found a runed translucent door.
  1927 | D:3      | 1927 ||| Stepping ~*~*~tactically~*~*~ (hiding).
  1929 | D:3      | 1929 ||| Stepping ~*~*~tactically~*~*~ (hiding).
  1947 | D:3      | Reached skill level 5 in Axes
  1959 | D:3      | 1959 ||| Stepping ~*~*~tactically~*~*~ (hiding).
  2023 | D:3      | 2023 ||| Stepping ~*~*~tactically~*~*~ (stealth).
  2389 | D:3      | Found a hide-covered altar of Uskayaw.
  2398 | D:3      | Found a bloodstained altar of Trog.
  2500 | D:3      | 2500 ||| READING scroll labelled VODGHU XOIK.
  2567 | D:4      | Noticed Natasha
  2576 | D:4      | Killed Natasha
  2577 | D:4      | Reached XP level 6. HP: 30/38 MP: 6/6
  2623 | D:4      | Found a glowing silver altar of Zin.
  2623 | D:4      | Noticed an angel
  2661 | D:4      | 2661 ||| Stepping ~*~*~tactically~*~*~ (stealth).
  2662 | D:4      | 2662 ||| Stepping ~*~*~tactically~*~*~ (stealth).
  2678 | D:4      | Reached skill level 1 in Dodging
  2838 | D:4      | Found a staircase to the Ecumenical Temple.
  2839 | D:4      | 2839 ||| PLANNING TEMPLE
  2839 | D:4      | 2839 ||| DRINKING 2 ruby potions.
  2840 | D:4      | 2840 ||| DROPPING potion of brilliance.
  2842 | D:4      | Noticed Sigmund
  2853 | D:4      | 2853 ||| FLEEEEING.
  2854 | D:4      | 2854 ||| FLEEEEING.
  2855 | D:4      | 2855 ||| FLEEEEING.
  2856 | D:4      | 2856 ||| FLEEEEING.
  2857 | D:4      | 2857 ||| FLEEEEING.
  2858 | D:4      | 2858 ||| FLEEEEING.
  2860 | D:4      | 2860 ||| FLEEEEING.
  2861 | D:4      | 2861 ||| FLEEEEING.
  2862 | D:4      | 2862 ||| FLEEEEING.
  2863 | D:4      | 2863 ||| FLEEEEING.
  2865 | D:4      | 2865 ||| FLEEEEING.
  2866 | D:4      | 2866 ||| FLEEEEING.
  2880 | D:4      | HP: 8/38 [something/magic dart (4)]
  2886 | D:4      | HP: 6/38 [something (4)]
  2888 | D:4      | Slain by Sigmund

Levels and vault maps discovered:
D:1:      mushboom_english_gardens, layout_loops_ring, minmay_pentomino_w4
D:2:      layout_rooms, serial_forest, infiniplex_forest_straight_4,
          infiniplex_forest_straight_1, infiniplex_forest_lined_2,
          infiniplex_forest_clump_curved, infiniplex_forest_clump_tiny,
          infiniplex_forest_side_room, infiniplex_forest_lined_room_3,
          shapermc_ecumenical_altar_rom_forum
D:3:      layout_loops_ring, mainiacjoe_overflow_swirl,
          hellmonk_ghost_happy_afterlife, kennysheep_cluttered_room,
          serial_bayou_pond_e, minmay_goblin_outpost
D:4:      minmay_polygon_palace, layout_loops_corners, lemuel_tele_altar,
          zin_angel, grunt_nemelex_the_gamble, minmay_temple_entry_trees,
          uniq_natasha, uniq_blork_the_orc, uniq_sigmund

Skill      XL: |  1  2  3  4  5  6 |
---------------+-------------------+-----
Axes           | 2 3 4 5 |  5.7
Fighting       | 4 |  4.2
Dodging        | 1 |  1.0
Armour         | |  3.2
Shields        | |  3.2

Action                     |  1- 3 |  4- 6 || total
---------------------------+-------+-------++-------
  Melee: War axe           |    95 |   168 ||   263
    Use: Scroll            |     4 |     5 ||     9
         Potion            |     2 |     2 ||     4
 Armour: Scale mail        |    63 |    88 ||   151
  Dodge: Dodged            |    48 |    65 ||   113
  Block: Buckler           |    21 |    28 ||    49

Table legend:
 A = Non-vault XP
 B = Vault XP
 C = Vault XP percentage of total XP
 D = Non-vault monster count
 E = Vault monster count
 F = Vault count percentage of total count
                 A         B        C        D         E       F
            +---------+---------+-------+---------+---------+-------
      Total |     466 |      62 |  11.7 |      76 |      16 |  17.4
            +---------+---------+-------+---------+---------+-------
        D:1 |      24 |       8 |  25.0 |      16 |       5 |  23.8
        D:2 |     130 |       0 |   0.0 |      31 |       0 |   0.0
        D:3 |     108 |      19 |  15.0 |      17 |      10 |  37.0
        D:4 |     204 |      35 |  14.6 |      12 |       1 |   7.7
            +---------+---------+-------+---------+---------+-------
